 Dungeon Crawl Stone Soup version 0.23-a0-143-g1adec7b (webtiles) character file.

387977 Gildeon the Executioner (level 22, 0/288 HPs)
             Began as a Minotaur Fighter on Aug 14, 2018.
             Was the Champion of Qazlal.
             Slain by a storm dragon (8 damage)
             ... on level 4 of the Vaults on Sept 5, 2018.
             The game lasted 04:45:57 (41130 turns).

Gildeon the Executioner (Minotaur Fighter)         Turns: 41130, Time: 04:45:58

Health: 0/288      AC: 42    Str: 34    XL:     22   Next: 3%
Magic:  38/44      EV: 16    Int: 11    God:    Qazlal [******]
Gold:   2549       SH: 34    Dex: 19    Spells: 36/40 levels left

rFire    + + .     SeeInvis .   Y - +6 war axe "Omelette" {pain, +Rage rC+ Str+2}
rCold    + + .     Gourm    .   m - +0 large shield
rNeg     . . .     Faith    .   w - +10 plate armour {rPois}
rPois    +         Spirit   .   t - +3 hat of Pondering {ponderous, MR+ MP+10 Int+5}
rElec    .         Reflect  .   Q - +2 cloak {MR+}
rCorr    .         Harm     .   u - +1 pair of gloves
MR       ++++.                  c - +2 pair of boots {Fly}
Stlth    ..........             X - amulet of regeneration
HPRegen  0.98/turn              L - +6 ring of dexterity
MPRegen  0.29/turn              I - ring "Omewn" {rF+ rC+ MR+ EV+1}

@: berserking, singing, protected from physical damage, flying, hasted, studying
Charms, repel missiles, very quick
A: retaliatory headbutt, hooves 1, horns 2, blink, deterioration 1, fire
resistance 1
}: 2/15 runes: decaying, serpentine
a: Blink, Upheaval, Elemental Force, Disaster Area, Renounce Religion, Evoke
Berserk Rage, Stop Flying


You were on level 4 of the Vaults.
You worshipped Qazlal.
Qazlal was exalted by your worship.
You were not hungry.

You visited 8 branches of the dungeon, and saw 40 of its levels.
You visited the Abyss 1 time.
You also visited: Ice Cave.

You collected 5518 gold pieces.
You spent 2969 gold pieces at shops.

Inventory:

Hand Weapons
 a - a +8 war axe of flaming
 Y - the +6 war axe "Omelette" (weapon) {pain, +Rage rC+ Str+2}
   (You found it on level 1 of the Orcish Mines)

   In the hands of one skilled in necromantic magic, it inflicts extra damage on
   living creatures.
   It affects your strength (+2).
   It protects you from cold.
   It lets you go berserk.
Missiles
 d - 3 tomahawks (quivered)
 z - a steel tomahawk
 T - 4 silver tomahawks
Armour
 c - a +2 pair of boots of flying (worn)
 m - a +0 large shield (worn)
 t - the +3 hat of Pondering (worn) {ponderous, MR+ MP+10 Int+5}
   (You took it off Gastronok on level 3 of the Lair of Beasts)

   It affects your intelligence (+5).
   It affects your resistance to hostile enchantments.
   It affects your magic capacity (+10).
 u - a +1 pair of gloves (worn)
 w - a +10 plate armour of poison resistance (worn)
 y - a +3 plate armour of cold resistance
 Q - a +2 cloak of magic resistance (worn)
Jewellery
 b - an uncursed ring of protection from cold
 p - an uncursed ring of see invisible
 I - the ring "Omewn" (right hand) {rF+ rC+ MR+ EV+1}
   (You found it on level 9 of the Dungeon)

   [ring of evasion]

   It affects your evasion (+1).
   It protects you from fire.
   It protects you from cold.
   It affects your resistance to hostile enchantments.
 J - an uncursed ring of protection from magic
 L - a +6 ring of dexterity (left hand)
 M - the ring of Atoicse {rF++ AC+1 Int-4 Stlth+}
   (You took it off an orc priest on level 11 of the Dungeon)

   [ring of protection]

   It affects your AC (+1).
   It affects your intelligence (-4).
   It greatly protects you from fire.
   It makes you more stealthy.
 P - the ring "Iniceddo" {+Inv +Fly rN+ Str+5}
   (You found it on level 6 of the Lair of Beasts)

   [ring of flight]

   It affects your strength (+5).
   It protects you from negative energy.
   It lets you turn invisible.
   It lets you fly.
 U - an uncursed ring of resist corrosion
 W - the ring of Cheibriados's Favour {Ice rElec MP+9 Int-2 Dex+4}
   (You found it on level 3 of the Elven Halls)

   [ring of ice]

   It enhances your ice magic.
   It affects your intelligence (-2).
   It affects your dexterity (+4).
   It makes you vulnerable to fire.
   It protects you from cold.
   It insulates you from electricity.
   It affects your magic capacity (+9).
 X - an amulet of regeneration (around neck)
 Z - the ring of Ydghef {*Tele rElec rF- rN+}
   (You found it on level 3 of the Elven Halls)

   [ring of teleportation]

   It may teleport you next to monsters.
   It makes you vulnerable to fire.
   It insulates you from electricity.
   It protects you from negative energy.
Wands
 j - a wand of digging (91)
 n - a wand of disintegration (11)
 A - a wand of acid (16)
 D - a wand of iceblast (46)
 F - a wand of clouds (12)
 H - a wand of random effects (54)
 N - a wand of paralysis (89)
 S - a wand of flame (36)
Scrolls
 h - 2 scrolls of holy word
 r - 7 scrolls of teleportation
 s - a scroll of summoning
 C - 6 scrolls of fog
 E - 6 scrolls of fear
 G - a scroll of silence
 K - 6 scrolls of blinking
 R - 6 scrolls of identify
 V - 10 scrolls of remove curse
Potions
 i - 12 potions of curing
 k - a potion of berserk rage
 l - 3 potions of haste
 o - 9 potions of lignification
 q - 3 potions of cancellation
 v - a potion of magic
 x - a potion of agility
 B - 4 potions of ambrosia
 O - 4 potions of resistance
Books
 e - a manual of Charms
Comestibles
 f - 49 rations
 g - 8 chunks of flesh


   Skills:
 - Level 15.0 Fighting
 + Level 22.3 Axes
 - Level 6.0 Throwing
 + Level 14.7 Armour
 - Level 10.0 Dodging
 + Level 21.0 Shields
 - Level 9.6 Spellcasting
 + Level 7.9 Charms
 - Level 5.0 Air Magic
 - Level 10.0 Invocations
 + Level 9.4 Evocations


You had 36 spell levels left.
You knew the following spells:

 Your Spells              Type           Power        Failure   Level  Hunger
a - Swiftness             Chrm/Air       ###.....     11%         2    None
b - Song of Slaying       Chrm           ###.....     6%          2    None

Your spell library contained the following spells:

 Spells                   Type           Power        Failure   Level  Hunger
 Shroud of Golubria       Chrm/Tloc      ##........   30%         2    None
 Shock                    Conj/Air       ##..         34%         1    None
 Poisonous Vapours        Pois/Air       ##....       47%         2    None
 Ozocubu's Armour         Chrm/Ice       ##......     52%         3    ##.....
 Regeneration             Chrm/Necr      ##........   52%         3    ##.....
 Animate Skeleton         Necr           N/A          69%         1    None
 Apportation              Tloc           #.....       69%         1    None
 Confusing Touch          Hex            #.....       69%         1    None
 Corona                   Hex            #......      69%         1    None
 Freeze                   Ice            #...         69%         1    None
 Magic Dart               Conj           #...         69%         1    None
 Sandblast                Erth           #.....       69%         1    None
 Sting                    Conj/Pois      #...         69%         1    None
 Summon Butterflies       Summ           #.......     69%         1    None
 Summon Small Mammal      Summ           #...         69%         1    None
 Static Discharge         Conj/Air       ##......     71%         3    ##.....
 Airstrike                Air            ###.......   77%         4    ####...
 Corpse Rot               Necr           N/A          83%         2    None
 Ensorcelled Hibernation  Hex/Ice        #.....       83%         2    None
 Passwall                 Tmut/Erth      #.......     83%         2    None
 Searing Ray              Conj           #.....       83%         2    None
 Slow                     Hex            #.......     83%         2    None
 Sublimation of Blood     Necr           #.........   83%         2    None
 Throw Frost              Conj/Ice       #.....       83%         2    None
 Mephitic Cloud           Conj/Pois/Air  #.......     83%         3    ##.....
 Call Canine Familiar     Summ           #.......     96%         3    ##.....
 Confuse                  Hex            #.......     96%         3    ##.....
 Dazzling Spray           Conj/Hex       #.....       96%         3    ##.....
 Gell's Gravitas          Tloc           #.........   96%         3    ##.....
 Ignite Poison            Fire/Tmut/Pois #.......     96%         3    ##.....
 Inner Flame              Hex/Fire       #.......     96%         3    ##.....
 Portal Projectile        Hex/Tloc       #.....       96%         3    ##.....
 Spider Form              Tmut/Pois      #.........   96%         3    ##.....
 Stone Arrow              Conj/Erth      #.....       96%         3    ##.....
 Excruciating Wounds      Chrm/Necr      ##........   99%         5    #####..
 Iskenderun's Battlesphe  Conj/Chrm      ##......     99%         5    #####..
 Animate Dead             Necr           N/A          100%        4    ####...
 Cause Fear               Hex            #.........   100%        4    ####...
 Force Lance              Conj/Tloc      #.......     100%        4    ####...
 Fulminant Prism          Conj/Hex       #.........   100%        4    ####...
 Iskenderun's Mystic Bla  Conj           #.......     100%        4    ####...
 Leda's Liquefaction      Hex/Erth       #.........   100%        4    ####...
 Olgreb's Toxic Radiance  Pois           #.......     100%        4    ####...
 Petrify                  Tmut/Erth      #.......     100%        4    ####...
 Summon Ice Beast         Ice/Summ       #.......     100%        4    ####...
 Throw Icicle             Conj/Ice       #.......     100%        4    ####...
 Agony                    Necr           #.......     100%        5    #####..
 Bolt of Draining         Conj/Necr      #.........   100%        5    #####..
 Bolt of Magma            Conj/Fire/Erth #.........   100%        5    #####..
 Borgnjor's Vile Clutch   Necr/Erth      #.........   100%        5    #####..
 Dispel Undead            Necr           #.......     100%        5    #####..
 Lee's Rapid Deconstruct  Erth           #.........   100%        5    #####..
 Lightning Bolt           Conj/Air       ##........   100%        5    #####..
 Metabolic Englaciation   Hex/Ice        #.........   100%        5    #####..
 Silence                  Hex/Air        ##........   100%        5    #####..
 Summon Mana Viper        Hex/Summ       #.......     100%        5    #####..
 Venom Bolt               Conj/Pois      #.........   100%        5    #####..
 Yara's Violent Unravell  Hex/Tmut       #.........   100%        5    #####..
 Darkness                 Hex            #.........   100%        6    #######
 Death Channel            Necr           #.........   100%        6    #######
 Iron Shot                Conj/Erth      #.........   100%        6    #######
 Shadow Creatures         Summ           N/A          100%        6    #######
 Orb of Destruction       Conj           #.........   100%        7    #######
 Ring of Flames           Chrm/Fire      ##........   100%        7    #######
 Spellforged Servitor     Conj/Summ      #.........   100%        7    #######
 Summon Hydra             Summ           #.........   100%        7    #######


Dungeon Overview and Level Annotations

Branches:
Dungeon (15/15)            Temple (1/1) D:4            Lair (6/6) D:11
  Swamp (4/4) Lair:3        Snake (4/4) Lair:4        Slime (0/5) Lair:5
    Orc (2/2) D:11            Elf (3/3) Orc:2        Vaults (5/5) D:13
  Crypt (0/3) Vaults:3     Depths (0/5) D:15

Altars:
Ashenzari
Cheibriados
Dithmenos
Elyvilon
Fedhas
Gozag
Hepliaklqana
Kikubaaqudgha
Makhleb
Nemelex Xobeh
Okawaru
Qazlal
Ru
Sif Muna
Trog
Uskayaw
Vehumet
Wu Jian
Xom
Yredelemnul
Zin
The Shining One
Beogh
Jiyva

Shops:
D:4 (   D:9 (   Orc:1 [   Orc:2 [!([   Elf:1 *   Snake:1 =}=   Snake:3 *
Snake:4 ?}*%   Vaults:1 ?   Vaults:3 !   Vaults:4 *:[*

Annotations:
Elf:1 1 runed door, Tuomeani's ghost, veteran MiBe


Innate Abilities, Weirdness & Mutations

You reflexively headbutt those who attack you in melee.
You have a pair of horns on your head.
You have large cloven feet.
You can translocate small distances at will.
Your body sometimes deteriorates upon taking damage.
Your flesh is heat resistant. (rF+)


Message History

The deep elf demonologist casts a spell.
You fly upwards.
The battlesphere dissipates. x2
You feel a strong urge to attack something.
There is a stone staircase leading down, spattered with blood here.
Unknown command.
You are too berserk!
Unknown command.
You are too berserk!
You completely miss the vault guard. Your headbutt misses the vault guard.
The vault guard is severely wounded.
You slash the wolf spider! You slice the tengu reaver!!
You slash the storm dragon!
You chop the battleaxe of electrocution into pieces!!!
The battleaxe of electrocution falls from the air.
Qazlal accepts your kill.
You hit the titan.
The tengu reaver hits you but does no damage.
The tengu reaver pecks you but does no damage.
You block the tengu reaver's attack. The storm dragon bites you!
You die...

.....# #.∩....(..'......## <....#
#........((..((..(/ .....#
##.....[..'......## .....#
##.......####..##. .....########
#.......##)#.##.. .....'......#
#.......##.###...
.....#......######'#######.##...#
######......#..§DQ.# #.#...## ###
#......'.§§@[.# #....##.
(.####......#..Cps§# #...####
#..(.#......#......# #......!
([...#...[..#......# ########
(((..#..[...#......#
([)).#.)....#####'##
.(.).#[....)###....##############
..(.(([.....'........##.#.......#
.([[[#########.####..##...≈..≈≈..


You could see a titan, a storm dragon, a tengu reaver, a vault guard and a wolf
spider.

Vanquished Creatures
  Jory (Vaults:2)
  Vashnia (Snake:3)
  A titan (Vaults:5)
  A tentacled monstrosity (Vaults:5)
  2 deep elf master archers (Elf:3)
  3 deep elf blademasters
  Agnes (Snake:2)
  A tentacled starspawn (Abyss:3)
  Frances (Snake:2)
  A shadow dragon (Vaults:5)
  Gastronok (Lair:3)
  3 thorn hunters
  A tengu reaver (Vaults:4)
  2 azure jellies (Swamp:4)
  12 nagarajas
  2 fire giants
  A storm dragon (Vaults:5)
  Kirke (Snake:3)
  A frost giant (Vaults:4)
  3 orc warlords
  5 deep elf sorcerers (Elf:3)
  A ghost moth (Abyss:3)
  7 vault wardens
  A cacodemon (Abyss:3)
  4 deep elf elementalists
  A ghoul (Vaults:4)
  7 stone giants
  9 ironheart preservers
  A very ugly thing (Vaults:1)
  8 deep elf demonologists
  8 deep elf annihilators
  A blizzard demon (Abyss:3)
  5 ettins
  8 deep elf death magi
  7 fire dragons
  Snorg (D:14)
  Josephine (D:13)
  3 deep elf high priests
  7 ogre magi
  4 great orbs of eyes
  5 yaktaur captains
  2 ice dragons (Swamp:4)
  17 naga warriors
  10 hydras
  20 vault guards
  3 rakshasas
  3 catoblepae
  8 centaur warriors
  31 two-headed ogres
  3 death knights
  15 alligators
  A tengu warrior (D:15)
  8 anacondas
  4 deep troll earth magi
  9 shock serpents
  27 dancing weapons
  2 thrashing horrors (Abyss:3)
  15 naga sharpshooters
  16 deep elf knights
  A soul eater (Abyss:3)
  2 wretched stars (Abyss:3)
  8 sea snakes (Snake:4)
  A salamander mystic (Snake:4)
  A spatial maelstrom (Abyss:3)
  4 unseen horrors
  3 wizards
  A deep troll (shapeshifter) (Vaults:1)
  3 swamp dragons
  6 deep trolls
  3 shambling mangroves
  2 flayed ghosts
  5 harpies
  11 ironbrand convokers
  16 deep elf archers
  2 naga ritualists
  A glowing orange brain (Vaults:2)
  15 orc knights
  9 mana vipers
  48 deep elf magi
  6 necromancers
  27 ugly things
  An oklob plant (Lair:4)
  A fire giant zombie (Vaults:1)
  6 salamanders
  2 shadow dragon skeletons
  5 orc sorcerers
  A wolf spider zombie (D:15)
  4 wolf spiders
  23 cyclopes
  Joseph (D:14)
  Maurice (D:10)
  An apocalypse crab (Abyss:3)
  7 guardian serpents
  12 vault sentinels
  2 ice statues (IceCv)
  23 black mambas
  14 naga magi
  The ghost of ThereIsNoGod the Grappler, a novice DrTm (D:5)
  2 smoke demons (Abyss:3)
  An orange demon (Abyss:3)
  A kobold demonologist (Orc:1)
  A human zombie (Vaults:2)
  9 spiny frogs
  3 rime drakes
  29 yaktaurs
  A redback zombie (D:15)
  7 komodo dragons
  15 freezing wraiths
  A tengu conjurer (D:9)
  9 ice devils (IceCv)
  An ancient zyme (Abyss:3)
  A jumping spider (shapeshifter) (Vaults:4)
  6 trolls
  A meliai (shapeshifter) (D:13)
  18 hornets
  3 meliai (D:13)
  A queen bee (Lair:3)
  4 polar bears
  6 tyrant leeches
  A shadow dragon simulacrum (Vaults:3)
  A polar bear (shapeshifter) (Abyss:3)
  14 slime creatures
  7 hippogriffs
  A dream sheep (Lair:6)
  A stone giant simulacrum (Vaults:1)
  A blink frog (Lair:6)
  5 bog bodies
  An air elemental (Elf:1)
  16 spriggans
  An elf skeleton (Vaults:5)
  3 vampires
  4 shadows
  A water elemental (Elf:1)
  10 wraiths
  3 basilisks
  A ynoxinul (Abyss:3)
  3 wyverns
  A human (D:8)
  21 yaks
  Grum (D:8)
  2 steam dragons
  A hog (shapeshifter) (Vaults:3)
  A fire elemental (Elf:3)
  22 vampire mosquitoes
  A chaos spawn (Abyss:3)
  4 swamp worm simulacra (Swamp:4)
  An elf simulacrum (Vaults:5)
  9 hogs
  5 hungry ghosts
  A neqoxec (Abyss:3)
  2 large abominations
  9 insubstantial wisps
  9 wargs
  62 nagas
  An ogre zombie (Vaults:1)
  3 spatial vortices (Abyss:3)
  A swamp worm (shapeshifter) (Elf:2)
  A deep troll zombie (Vaults:2)
  13 swamp worms
  15 hydra simulacra (Swamp:4)
  4 acid dragons
  7 water moccasins
  10 porcupines
  3 ice beasts
  An orc zombie (Vaults:2)
  2 sky beasts (D:10)
  49 orc warriors
  6 phantoms
  4 swamp drakes
  6 black bears
  A necrophage (D:11)
  32 ogres
  An ogre (shapeshifter) (Vaults:1)
  3 boggarts (Lair:6)
  17 centaurs
  12 crocodiles
  57 wolves
  8 elf zombies (Elf:1)
  15 big kobolds
  3 small abominations
  23 bullfrogs
  A gnoll sergeant (D:7)
  8 earth elementals
  A glowing shapeshifter simulacrum (Vaults:3)
  5 human skeletons
  A hornet simulacrum (D:15)
  5 scorpions
  2 human simulacra (Vaults:3)
  33 killer bees
  4 electric eels
  2 howler monkeys
  6 crimson imps
  4 quasits (D:5)
  2 centaur zombies
  3 draconian simulacra (IceCv)
  8 hounds
  25 orc priests
  4 jellies
  37 orc wizards
  Crazy Yiuf (D:3)
  4 centaur skeletons
  8 iguanas
  An iron imp (Abyss:3)
  A bullfrog skeleton (D:13)
  An iguana (shapeshifter) (Elf:2)
  10 worker ants
  2 troll simulacra (IceCv)
  A spriggan simulacrum (IceCv)
  A centaur simulacrum (IceCv)
  A hound zombie (D:11)
  2 hound skeletons
  A worker ant zombie (D:8)
  4 gnolls (D:7)
  11 adders
  A naga simulacrum (IceCv)
  2 ogre simulacra (IceCv)
  4 swamp drake simulacra (Swamp:4)
  An adder zombie (D:7)
  2 worms (shapeshifter) (Vaults:2)
  2 worms
  2 dart slugs (D:3)
  3 leopard geckos
  136 orcs
  3 ball pythons
  6 bats
  A giant cockroach (D:2)
  2 hobgoblins
  11 jackals
  4 quokkas
  5 frilled lizards
  6 goblins
  37 kobolds
  A leopard gecko skeleton (D:6)
  3 rats
  10 briar patches
  A crawling corpse (Elf:3)
  6 fungi
  3 plants
  2 starspawn tentacles (Abyss:3)
1706 creatures vanquished.

Vanquished Creatures (others)
  An ironbrand convoker (Vaults:5)
  A deep elf mage (D:15)
  A slime creature (Swamp:4)
  A human (Snake:3)
  2 nagas (Snake:4)
  A briar patch (Swamp:4)
  A fungus (Lair:4)
  2 plants
  2 starspawn tentacles (Abyss:3)
12 creatures vanquished.

Grand Total: 1718 creatures vanquished

Notes
Turn   | Place    | Note
-------+----------+-------------------------------------------
     0 | D:1      | Gildeon the Minotaur Fighter began the quest for the Orb.
     0 | D:1      | Reached XP level 1. HP: 19/19 MP: 0/0
     2 | D:1      | Noticed a dwarf
     4 | D:1      | Noticed a human
     6 | D:1      | Noticed a vampire
     6 | D:1      | Noticed a draconian
     8 | D:1      | Noticed a centaur
    10 | D:1      | Noticed a demigod
    10 | D:1      | Noticed a formicid
    12 | D:1      | Noticed a troll
    12 | D:1      | Noticed a tengu
    14 | D:1      | Noticed a gargoyle
    17 | D:1      | Noticed a merfolk
    17 | D:1      | Noticed an octopode
    19 | D:1      | Noticed a spriggan
    19 | D:1      | Noticed a minotaur
    21 | D:1      | Noticed a halfling
    21 | D:1      | Noticed a naga
    23 | D:1      | Noticed an elf
    23 | D:1      | Noticed a vine stalker
    25 | D:1      | Noticed a demonspawn
    25 | D:1      | Noticed a ghoul
    27 | D:1      | Noticed an ogre
    27 | D:1      | Noticed a felid
   170 | D:1      | Reached XP level 2. HP: 27/27 MP: 1/1
   822 | D:2      | Reached skill level 3 in Axes
   869 | D:2      | Reached skill level 1 in Dodging
   972 | D:2      | Found a shimmering altar of Xom.
  1027 | D:2      | Reached XP level 3. HP: 33/33 MP: 2/2
  1805 | D:3      | Found a runed door.
  1809 | D:3      | Noticed Crazy Yiuf
  1820 | D:3      | Killed Crazy Yiuf
  1820 | D:3      | Reached XP level 4. HP: 36/40 MP: 3/3
  2369 | D:4      | Reached skill level 4 in Axes
  2410 | D:4      | Found a shattered altar of Ashenzari.
  2416 | D:4      | Reached XP level 5. HP: 43/46 MP: 4/4
  2508 | D:4      | Found Ythric's Antique Weapon Emporium.
  2690 | D:4      | Noticed a phantom
  2692 | D:4      | Found a staircase to the Ecumenical Temple.
  2693 | D:4      | Noticed an ogre
  2700 | D:4      | Killed an ogre
  2700 | D:4      | Reached XP level 6. HP: 37/53 MP: 5/5
  2724 | D:4      | Reached skill level 5 in Axes
  2778 | Temple   | Entered the Ecumenical Temple
  2794 | Temple   | Became a worshipper of Qazlal Stormbringer
  2963 | D:5      | Entered Level 5 of the Dungeon
  2998 | D:5      | Found a transporter.
  3003 | D:5      | Noticed ThereIsNoGod's ghost (novice DrTm)
  3031 | D:5      | Reached skill level 5 in Armour
  3031 | D:5      | Reached skill level 5 in Shields
  3045 | D:5      | Found a transporter.
  3086 | D:5      | Reached skill level 5 in Fighting
  3086 | D:5      | Reached XP level 7. HP: 59/61 MP: 6/6
  3090 | D:5      | Found a burning altar of Makhleb.
  3151 | D:5      | Reached skill level 6 in Axes
  3197 | D:5      | Reached * piety under Qazlal
  3567 | D:5      | Found a glowing silver altar of Zin.
  3696 | D:6      | Reached skill level 7 in Axes
  3973 | D:6      | Reached XP level 8. HP: 68/68 MP: 7/7
  4002 | D:6      | Found a shadowy altar of Dithmenos.
  4271 | D:6      | Reached skill level 8 in Axes
  4396 | D:7      | Noticed a hornet
  4402 | D:7      | Paralysed by a hornet for 2 turns
  4405 | D:7      | Killed a hornet
  4405 | D:7      | Reached skill level 5 in Dodging
  4440 | D:7      | Reached skill level 9 in Axes
  4441 | D:7      | Noticed a hippogriff
  4447 | D:7      | Killed a hippogriff
  4447 | D:7      | Reached skill level 1 in Throwing
  4531 | D:7      | Reached XP level 9. HP: 74/74 MP: 8/8
  4576 | D:7      | Found a snail-covered altar of Cheibriados.
  4635 | D:7      | Reached skill level 10 in Axes
  4661 | D:7      | Reached ** piety under Qazlal
  5219 | D:8      | Reached skill level 1 in Invocations
  5235 | D:8      | Reached skill level 1 in Evocations
  5245 | D:8      | Noticed Grum
  5271 | D:8      | Killed Grum
  5287 | D:8      | HP: 3/74 [wolf[Grum] (5)]
  5291 | D:8      | Reached skill level 11 in Axes
  6029 | D:8      | Reached XP level 10. HP: 74/81 MP: 10/10
  6039 | D:8      | Reached *** piety under Qazlal
  6165 | D:9      | Found a sacrificial altar of Ru.
  6185 | D:9      | Found a burning altar of Makhleb.
  6279 | D:9      | Found Alose's Antique Weapon Boutique.
  6598 | D:9      | Got a wavering turquoise ring
  6600 | D:9      | Identified the ring "Omewn" {rF+ rC+ MR+ EV+1} (You found
                  | it on level 9 of the Dungeon)
  6633 | D:9      | Noticed a cyclops
  6660 | D:9      | Killed a cyclops
  6765 | D:9      | Noticed a centaur warrior
  6778 | D:9      | Killed a centaur warrior
  7009 | D:9      | Reached skill level 12 in Axes
  7093 | D:9      | Killed an unseen horror
  7093 | D:9      | Reached skill level 5 in Throwing
  7421 | D:9      | Got a crude plate armour
  7483 | D:9      | Found a deep blue altar of Sif Muna.
  7502 | D:9      | Identified Sif Muna's Volume of Air
  7529 | D:9      | Identified the +1 plate armour "Urieciti" {rPois Int+4
                  | Slay-4 Stlth+} (You found it on level 9 of the Dungeon)
  7543 | D:10     | Entered Level 10 of the Dungeon
  7607 | D:10     | Noticed Maurice
  7628 | D:10     | Reached XP level 11. HP: 58/91 MP: 13/13
  7648 | D:10     | Killed Maurice
  7855 | D:10     | Noticed a two-headed ogre
  7862 | D:10     | Killed a two-headed ogre
  8145 | D:10     | Noticed a two-headed ogre
  8155 | D:10     | Killed a two-headed ogre
  8427 | D:10     | Reached **** piety under Qazlal
  9028 | D:11     | Noticed a red ugly thing
  9039 | D:11     | Killed a red ugly thing
  9039 | D:11     | Reached skill level 13 in Axes
  9039 | D:11     | Reached skill level 10 in Shields
  9070 | D:11     | Reached skill level 5 in Invocations
  9088 | D:11     | Found a staircase to the Orcish Mines.
  9239 | D:11     | Found a staircase to the Lair.
  9353 | D:11     | Got a pitted lapis lazuli ring
  9359 | D:11     | Identified the ring of Atoicse {rF++ AC+1 Int-4 Stlth+}
                  | (You took it off an orc priest on level 11 of the Dungeon)
  9415 | D:11     | Reached ***** piety under Qazlal
  9835 | Lair:1   | Entered Level 1 of the Lair of Beasts
  9998 | D:5      | Killed ThereIsNoGod's ghost
 10150 | Lair:1   | Reached skill level 5 in Evocations
 10201 | Lair:1   | Learned a level 2 spell: Swiftness
 10270 | Lair:1   | Noticed a four-headed hydra
 10276 | Lair:1   | Killed a one-headed hydra
 10276 | Lair:1   | Reached XP level 12. HP: 96/103 MP: 14/14
 10836 | Lair:1   | Reached skill level 14 in Axes
 11744 | Lair:3   | Noticed a seven-headed hydra
 11765 | Lair:3   | Killed a one-headed hydra
 11770 | Lair:3   | Found a staircase to the Swamp.
 11781 | Lair:3   | Noticed Gastronok
 11804 | Lair:3   | Killed Gastronok
 12060 | Lair:3   | Reached skill level 15 in Axes
 12077 | Lair:3   | Got a sparkling silver ring
 12082 | Lair:3   | Identified the ring of Laosm {+Blink rPois Str-4 Slay+5
                  | Stlth+} (You found it on level 3 of the Lair of Beasts)
 12494 | Lair:3   | Reached ****** piety under Qazlal
 12505 | Lair:3   | Reached skill level 10 in Fighting
 13100 | Lair:4   | Reached XP level 13. HP: 69/113 MP: 15/15
 13486 | Lair:4   | Found a staircase to the Snake Pit.
 13561 | Lair:4   | Reached skill level 1 in Spellcasting
 13632 | Lair:4   | Reached skill level 10 in Armour
 14476 | Lair:5   | Found a staircase to the Slime Pits.
 14476 | Lair:5   | Found a viscous altar of Jiyva.
 14556 | Lair:5   | Gained mutation: You occasionally shout uncontrollably at
                  | your foes. [potion of mutation]
 14556 | Lair:5   | Gained mutation: Your spells are a little easier to cast,
                  | but a little less powerful. [potion of mutation]
 14556 | Lair:5   | Gained mutation: You have large cloven feet. [potion of
                  | mutation]
 14625 | Lair:5   | Found a frozen archway.
 14634 | IceCv    | Entered an ice cave
 14685 | IceCv    | Reached skill level 16 in Axes
 15342 | Lair:6   | Entered Level 6 of the Lair of Beasts
 15845 | Lair:6   | Upgraded the game from 0.23-a0-87-g5f73bc1 to
                  | 0.23-a0-94-g44dc95e
 15899 | Lair:6   | Reached XP level 14. HP: 92/121 MP: 17/17
 16039 | Lair:6   | Reached skill level 17 in Axes
 16391 | Lair:6   | Reached XP level 15. HP: 126/126 MP: 18/18
 16456 | Lair:6   | Got a clouded golden ring
 16694 | Lair:6   | Upgraded the game from 0.23-a0-94-g44dc95e to
                  | 0.23-a0-97-g66d73a1
 16821 | Orc:1    | Entered Level 1 of the Orcish Mines
 16822 | Orc:1    | Identified a scroll of acquirement
 17194 | Orc:1    | Found Utaff's Armour Shop.
 17665 | Orc:1    | Noticed an orc warlord
 17681 | Orc:1    | Killed an orc warlord
 18083 | Orc:1    | Got a translucent war axe
 18096 | Orc:1    | Identified the +6 war axe "Omelette" {pain, +Rage rC+
                  | Str+2} (You found it on level 1 of the Orcish Mines)
 18167 | Orc:2    | Entered Level 2 of the Orcish Mines
 18168 | Orc:2    | Upgraded the game from 0.23-a0-97-g66d73a1 to
                  | 0.23-a0-103-ge8f8661
 18246 | Orc:2    | Found a roughly hewn altar of Beogh.
 18416 | Orc:2    | Noticed an orc warlord
 18437 | Orc:2    | Killed an orc warlord
 18725 | Orc:2    | Found a roughly hewn altar of Beogh.
 18783 | Orc:2    | Found a roughly hewn altar of Beogh.
 18843 | Orc:2    | Found a roughly hewn altar of Beogh.
 18845 | Orc:2    | Found Lafa's Distillery.
 18879 | Orc:2    | Found a roughly hewn altar of Beogh.
 18880 | Orc:2    | Found Dusow's Armour Boutique.
 19078 | Orc:2    | Found a roughly hewn altar of Beogh.
 19131 | Orc:2    | Found a staircase to the Elven Halls.
 19220 | Orc:2    | Found Caseng's Antique Weapon Emporium.
 19222 | Orc:2    | Found a roughly hewn altar of Beogh.
 19226 | Orc:2    | Found Deustruma's Antique Armour Shoppe.
 19328 | Orc:2    | Found a roughly hewn altar of Beogh.
 19467 | Swamp:1  | Entered Level 1 of the Swamp
 19481 | Swamp:1  | Reached skill level 18 in Axes
 19579 | Swamp:1  | Noticed a thorn hunter
 19605 | Swamp:1  | Killed a thorn hunter
 19635 | Swamp:1  | Upgraded the game from 0.23-a0-103-ge8f8661 to
                  | 0.23-a0-108-gf7ee2ed
 19727 | Swamp:1  | Upgraded the game from 0.23-a0-108-gf7ee2ed to
                  | 0.23-a0-119-ga86c9e7
 19930 | Swamp:1  | Identified the ring "Iniceddo" {+Inv +Fly rN+ Str+5} (You
                  | found it on level 6 of the Lair of Beasts)
 20437 | Swamp:2  | Reached XP level 16. HP: 107/134 MP: 22/22
 20513 | Swamp:2  | Noticed a thorn hunter
 20540 | Swamp:2  | Killed a thorn hunter
 20723 | Swamp:2  | Upgraded the game from 0.23-a0-119-ga86c9e7 to
                  | 0.23-a0-126-g19e28b4
 21100 | Swamp:3  | Reached skill level 5 in Spellcasting
 21137 | Swamp:3  | Paralysed by a hornet for 2 turns
 21458 | Swamp:3  | Upgraded the game from 0.23-a0-126-g19e28b4 to
                  | 0.23-a0-130-g0e7800e
 21820 | Swamp:4  | Entered Level 4 of the Swamp
 22054 | Swamp:4  | Noticed a thorn hunter
 22073 | Swamp:4  | Killed a thorn hunter
 22127 | Swamp:4  | Reached skill level 19 in Axes
 22286 | Swamp:4  | Upgraded the game from 0.23-a0-130-g0e7800e to
                  | 0.23-a0-137-gef0ad6d
 22679 | Swamp:4  | Got a decaying rune of Zot
 23071 | Snake:1  | Entered Level 1 of the Snake Pit
 23196 | Snake:1  | Found Reig's Jewellery Shop.
 23196 | Snake:1  | Found Tiadd's Gadget Shoppe.
 23197 | Snake:1  | Found Japikeg's Jewellery Shop.
 23611 | Snake:2  | Reached skill level 10 in Dodging
 23617 | Snake:2  | Reached skill level 5 in Charms
 24021 | Snake:2  | Noticed Agnes
 24038 | Snake:2  | Killed Agnes
 24050 | Snake:2  | Reached skill level 15 in Shields
 24050 | Snake:2  | Reached skill level 1 in Air Magic
 24050 | Snake:2  | Reached XP level 17. HP: 122/140 MP: 23/23
 24263 | Snake:2  | Noticed Frances
 24278 | Snake:2  | Killed Frances
 24278 | Snake:2  | Reached skill level 20 in Axes
 24564 | Snake:3  | Reached skill level 10 in Invocations
 24592 | Snake:3  | Noticed Kirke
 24611 | Snake:3  | Noticed Vashnia
 24612 | Snake:3  | Killed Kirke
 24672 | Snake:3  | Killed Vashnia
 24970 | Snake:3  | Found Vifol's Assorted Antiques.
 24975 | Snake:3  | Bought a metal-bound book for 405 gold pieces
 25088 | Snake:3  | Found an ancient bone altar of Kikubaaqudgha.
 25344 | Snake:4  | Entered Level 4 of the Snake Pit
 25759 | Snake:4  | Found Qewkass's Magic Scroll Shop.
 25801 | Snake:4  | Reached skill level 5 in Air Magic
 25831 | Snake:4  | Found Barerch's Assorted Antiques.
 25831 | Snake:4  | Found Ahiucics's Gadget Shop.
 25985 | Snake:4  | Bought a scroll of enchant armour for 112 gold pieces
 25985 | Snake:4  | Bought a scroll of enchant armour for 112 gold pieces
 25987 | Snake:4  | Found Hommem's Food Boutique.
 26134 | Snake:4  | Upgraded the game from 0.23-a0-137-gef0ad6d to
                  | 0.23-a0-139-ga22e90c
 26162 | Snake:4  | Reached XP level 18. HP: 122/156 MP: 25/25
 26856 | Snake:4  | Got a serpentine rune of Zot
 27282 | Snake:1  | Bought an uncursed ring of see invisible for 210 gold
                  | pieces
 27462 | Elf:1    | Entered Level 1 of the Elven Halls
 27717 | Elf:1    | Identified the Disquisition on Sinister Magic
 28189 | Elf:1    | Found a radiant altar of Vehumet.
 28297 | Elf:1    | Found Eclint's Assorted Antiques.
 28361 | Elf:1    | Found a runed door.
 28362 | Elf:1    | Noticed Tuomeani's ghost (veteran MiBe)
 28817 | Elf:2    | Found a runed gate.
 28817 | Elf:2    | Found a runed gate.
 28817 | Elf:2    | Found a runed gate.
 28825 | Elf:2    | Cast into level 3 of the Abyss (executioner's axe of
                  | distortion)
 28825 | Abyss:3  | Found a runed gate.
 28825 | Abyss:3  | Found a runed gate.
 28825 | Abyss:3  | Found a runed gate.
 28887 | Abyss:3  | Noticed a bone dragon
 28897 | Abyss:3  | Found a corrupted altar of Lugonu.
 28949 | Abyss:3  | Identified the Guide on Evil
 28952 | Abyss:3  | Identified Muyqamm's Disquisition on the Escort
 28964 | Abyss:3  | Gained mutation: You sometimes yell uncontrollably at your
                  | foes. [a cacodemon]
 28970 | Abyss:3  | Identified the Grimoire of Stones
 29098 | Elf:2    | Escaped the Abyss
 29224 | Elf:2    | Reached XP level 19. HP: 55/169 MP: 29/29
 30378 | Elf:3    | Entered Level 3 of the Elven Halls
 30401 | Elf:3    | Reached skill level 15 in Fighting
 30655 | Elf:3    | Noticed a Tzitzimitl
 30895 | Elf:3    | Lost mutation: Your spells are a little easier to cast, but
                  | a little less powerful. [potion of mutation]
 30895 | Elf:3    | Lost mutation: You have large cloven feet. [potion of
                  | mutation]
 30895 | Elf:3    | Gained mutation: You have large cloven feet. [potion of
                  | mutation]
 30895 | Elf:3    | Gained mutation: You have a pair of large horns on your
                  | head. [potion of mutation]
 31175 | Elf:3    | Noticed a Tzitzimitl
 31445 | Elf:3    | Got a scorched plate armour
 31456 | Elf:3    | Got a scintillating golden ring
 31465 | Elf:3    | Found the +4 moon troll leather armour {Spirit, Regen++
                  | MP+5}
 31488 | Elf:3    | Identified the Guide on Helpful Poison
 31501 | Elf:3    | Identified the cursed +1 plate armour of Xethuir {MR+ MP-9
                  | Dex+2} (You found it on level 3 of the Elven Halls)
 31505 | Elf:3    | Got a clouded lapis lazuli ring
 31509 | Elf:3    | Identified the ring of Cheibriados's Favour {Ice rElec MP+9
                  | Int-2 Dex+4} (You found it on level 3 of the Elven Halls)
 31510 | Elf:3    | Identified the ring of Ydghef {*Tele rElec rF- rN+} (You
                  | found it on level 3 of the Elven Halls)
 31673 | Elf:3    | Got a smoking glass ring
 32442 | D:12     | Identified the ring of Onidghul {*Tele Dex+4 SInv Stlth+}
                  | (You found it on level 3 of the Elven Halls)
 33458 | D:13     | Noticed Josephine
 33466 | D:13     | Killed Josephine
 33833 | D:13     | Found a gate to the Vaults.
 34030 | D:14     | Noticed Joseph
 34050 | D:14     | Killed Joseph
 34195 | D:14     | Noticed Snorg
 34205 | D:14     | Killed Snorg
 34892 | D:15     | Entered Level 15 of the Dungeon
 35301 | D:15     | Lost mutation: You sometimes yell uncontrollably at your
                  | foes. [potion of mutation]
 35301 | D:15     | Lost mutation: You occasionally shout uncontrollably at
                  | your foes. [potion of mutation]
 35301 | D:15     | Gained mutation: Your spells are a little easier to cast,
                  | but a little less powerful. [potion of mutation]
 35301 | D:15     | Gained mutation: Your body sometimes deteriorates upon
                  | taking damage. [potion of mutation]
 35301 | D:15     | Gained mutation: Your magical capacity is low. (-10% MP)
                  | [potion of mutation]
 35301 | D:15     | Lost mutation: Your spells are a little easier to cast, but
                  | a little less powerful. [potion of mutation]
 35302 | D:15     | Lost mutation: Your body sometimes deteriorates upon taking
                  | damage. [potion of mutation]
 35302 | D:15     | Lost mutation: You have a pair of large horns on your head.
                  | [potion of mutation]
 35302 | D:15     | Lost mutation: Your magical capacity is low. (-10% MP)
                  | [potion of mutation]
 35302 | D:15     | Gained mutation: You can translocate small distances at
                  | will. [potion of mutation]
 35302 | D:15     | Gained mutation: Your body sometimes deteriorates upon
                  | taking damage. [potion of mutation]
 35302 | D:15     | Gained mutation: Your flesh is heat resistant. (rF+)
                  | [potion of mutation]
 35521 | D:15     | Found a staircase to the Depths.
 35587 | D:15     | Upgraded the game from 0.23-a0-139-ga22e90c to
                  | 0.23-a0-141-g456867d
 35681 | Vaults:1 | Entered Level 1 of the Vaults
 35682 | Vaults:1 | Found Ukeun's Magic Scroll Emporium.
 35700 | Vaults:1 | Bought a scroll of enchant armour for 127 gold pieces
 35700 | Vaults:1 | Bought a scroll of enchant weapon for 127 gold pieces
 35809 | Vaults:1 | Reached XP level 20. HP: 178/178 MP: 31/31
 35963 | Vaults:1 | Reached skill level 21 in Axes
 36006 | Vaults:1 | Upgraded the game from 0.23-a0-141-g456867d to
                  | 0.23-a0-143-g1adec7b
 37759 | Vaults:2 | Noticed Jory
 37781 | Vaults:2 | Killed Jory
 38118 | Vaults:2 | Identified the Almanac of Enhancements
 38123 | Vaults:2 | Learned a level 2 spell: Song of Slaying
 38351 | Vaults:3 | Found Rogokk's Distillery.
 38678 | Vaults:3 | Found a staircase to the Crypt.
 38719 | Vaults:3 | Reached XP level 21. HP: 184/184 MP: 33/33
 39470 | Vaults:4 | Found Puhuor's Assorted Antiques.
 39541 | Vaults:4 | Found Meiclian's Book Boutique.
 39546 | Vaults:4 | Bought a manual of Charms for 1876 gold pieces
 40471 | Vaults:4 | Found Oluggosa's Armour Boutique.
 40481 | Vaults:4 | Found Bocrim's Assorted Antiques.
 40572 | Vaults:4 | Reached skill level 22 in Axes
 41031 | Vaults:5 | Entered Level 5 of the Vaults
 41126 | Vaults:5 | Reached XP level 22. HP: 27/192 MP: 34/34
 41128 | Vaults:5 | HP: 13/288 [vault guard/halberd of venom (3)]
 41130 | Vaults:4 | Slain by a storm dragon

Vault maps used:
D:1:      kb_arrival_jail
D:2:      xom_teletrap_fun
D:3:      uniq_crazy_yiuf_cottage
D:4:      cheibrodos_ashenzari_chains, minmay_temple_entry_crystal_x,
          serial_shops, nicolae_shop_crystal, first_ration, st_stairs_10
D:5:      marbit_many_paths, gammafunk_ghost_stat_death,
          makhleb_heckhound_becter
D:6:      nicolae_dithmenos_through_a_glass_darkly
D:7:      slow_altar_2
D:8:      grunt_livestock, uniq_grum
D:9:      minmay_the_grid_triangle_9x9_rhombus_thin_mashed, led_sif_book,
          lemuel_crystal_altar, serial_shops, kennysheep_little_box
D:10:     uniq_maurice
D:11:     grunt_lair_entry_orc_guard_hut, orc_0_dummy, corexii_hall_statues_x
D:13:     david_vaults_4, st_stairs_4, uniq_josephine
D:14:     wad_lake_hut, minmay_splitting_lines, minmay_sticks_and_stones,
          uniq_snorg
D:15:     grunt_enter_depths_magical_seal, moated_statue
Temple:   regret_index_temple_waves
Lair:1:   minivault_26, st_stairs_12
Lair:2:   serial_bayou_pond_a, serial_bayou_shore_b
Lair:3:   swamp_mist, special_room, grunt_megastairs_3, lemuel_fruit_fields,
          uniq_gastronok
Lair:4:   minmay_snake_entry_spellcaster
Lair:5:   slime_altar_1, portal_ice_cave_entry_pillars_2
Lair:6:   minmay_lair_end_enchanted_forest, st_stairs_3, minivault_25
Swamp:1:  serial_swamp_ruin, evilmike_swamp_ruin_rubble_2,
          evilmike_swamp_ruin_house_6
Swamp:2:  hangedman_swamp_cone
Swamp:3:  evilmike_swamp_ruin_house_4, swamp_pool1, nicolae_swamp_trees_clearing
Swamp:4:  swamp_icy, swamp_pool1
Snake:1:  minmay_shop_grove, grunt_megastairs_2
Snake:2:  st_stairs_13, guppyfry_library_mini, uniq_frances, uniq_agnes
Snake:3:  serial_shops, nicolae_shop_statue_plus, basic_altar, uniq_kirke,
          uniq_vashnia
Snake:4:  grunt_snake_rune_pools, minmay_shoptagon
Orc:1:    giant_chief_lemuel, serial_shops, shop, special_room
Orc:2:    grunt_orc_community_town_hall, grunt_orc_community_big_house_1,
          grunt_orc_community_big_house_1, grunt_orc_community_house_3,
          grunt_orc_community_house_2, grunt_orc_community_house_2,
          grunt_orc_community_house_1, grunt_orc_community_house_2
Elf:1:    elf_arrival_002, gammafunk_ghost_grave, serial_shops,
          nicolae_shop_competitors_out_of_business, minmay_elf_necromancy,
          david_defended_altar_elf
Elf:3:    elf_hall
Vaults:1: vaults_mumra_minichess_inversion, vaults_room_door_ring, v_misc_30,
          v_rooms_3, v_misc_8, vaults_dpeg_hooks, vaults_standard_mumra_x,
          ontoclasm_vaults_claustrophobia, nicolae_vaults_big_ls,
          hangedman_vaults_stream, vaults_room_glass_cross,
          nicolae_vaults_little_ls, serial_shops, shop
Vaults:2: ontoclasm_vaults_hangar, dpeg_vaults_monster_row, v_pattern_3,
          nicolae_vaults_little_squares_3, nicolae_vaults_little_squares_1,
          ontoclasm_vaults_eye, vaults_room_ringed_pool,
          nicolae_vaults_network_periphery, v_misc_5, ontoclasm_vaults_chip,
          vaults_dpeg_encased_lava, vaults_room_hallway,
          nicolae_vaults_back_hallway, uniq_jory
Vaults:3: nicolae_vaults_little_squares_3, v_misc_3, v_misc_22, v_rooms_6,
          blue_anna_dwarven_crypt, nicolae_vaults_what_the_h,
          nicolae_vaults_bisected_slash, nicolae_vaults_murderbox,
          hangedman_vaults_corner, ontoclasm_vaults_decontamination, v_misc_19,
          nicolae_vaults_little_squares_2, hangedman_vaults_cutoff,
          hangedman_vaults_slice, serial_shops, nicolae_shop_crystal
Vaults:4: ontoclasm_vaults_ring_small, ontoclasm_vaults_idyll,
          nicolae_vaults_arrows, v_pattern_5, ontoclasm_vaults_tryst, v_misc_12,
          nicolae_vaults_network_quinsquares, nicolae_vaults_little_squares_5,
          v_misc_14, v_misc_29, v_misc_5, serial_shops, nicolae_shop_stone,
          nicolae_shop_behind_doors, shop_coins, nicolae_shop_waterfront
Abyss:3:  hangedman_grunt_abyss_rune_horror_hoard
IceCv:    ice_cave_tombish

Skill      XL: |  1  2  3  4  5  6  7  8  9 10 11 12 13 14 15 16 17 18 19 20 21 22 |
---------------+-------------------------------------------------------------------+-----
Axes           | 3 4 5 7 9 11 12 13 15 16 17 18 19 20 21 22 | 22.3
Dodging        | 1 2 3 4 5 6 8 10 | 10.0
Armour         | 4 5 6 7 9 10 11 13 14 | 14.7
Shields        | 4 5 6 7 8 9 10 11 12 13 15 16 18 19 20 21 | 21.0
Fighting       | 4 5 6 8 10 12 14 15 | 15.0
Throwing       | 2 4 5 6 |  6.0
Invocations    | 2 4 5 6 8 9 10 | 10.0
Evocations     | 2 3 5 7 9 |  9.4
Spellcasting   | 3 4 5 7 8 9 |  9.6
Charms         | 4 5 7 |  7.9
Air Magic      | 1 5 |  5.0

Action                   |  1- 3 |  4- 6 |  7- 9 | 10-12 | 13-15 | 16-18 | 19-21 | 22-24 || total
-------------------------+-------+-------+-------+-------+-------+-------+-------+-------++-------
Melee: War axe           |    74 |    98 |   283 |   737 |   872 |  1409 |  1797 |     2 ||  5272
       Headbutt          |    10 |    16 |    46 |   171 |   257 |   391 |   605 |       ||  1496
       Hand axe          |       |       |       |    13 |    48 |       |       |       ||    61
Throw: Tomahawk          |       |       |    26 |    99 |   248 |    53 |    61 |       ||   487
       Throwing net      |       |       |       |     1 |       |       |       |       ||     1
       Javelin           |       |       |       |       |       |    20 |    67 |       ||    87
 Cast: Song of Slaying   |       |       |       |       |       |       |     1 |       ||     1
Invok: Disaster Area     |       |       |       |       |       |     1 |     1 |       ||     2
       Elemental Force   |       |       |       |       |       |     1 |       |       ||     1
Evoke: Wand              |       |       |       |     3 |       |       |     7 |       ||    10
  Use: Scroll            |     7 |     8 |     5 |    15 |    19 |    15 |    22 |       ||    91
       Potion            |       |       |     2 |     1 |     7 |    18 |    11 |       ||    39
 Stab: Petrified         |       |       |       |       |     5 |       |       |       ||     5
       Petrifying        |       |       |       |       |     1 |       |       |       ||     1
  Eat: Chunk             |     1 |     3 |     8 |    10 |     9 |     9 |    22 |       ||    62
       Ration            |     1 |       |     1 |     5 |     5 |     7 |     5 |       ||    24
Armor: Scale mail        |    42 |    64 |    15 |       |       |       |       |       ||   121
       Chain mail        |       |       |    23 |       |       |       |       |       ||    23
       Plate armour      |       |       |    81 |   339 |   228 |   453 |   371 |     5 ||  1477
Dodge: Dodged            |    21 |    41 |    68 |   155 |   149 |   323 |   304 |     5 ||  1066
       Deflected         |       |       |       |     2 |    12 |    50 |    30 |     1 ||    95
Block: Shield            |    46 |    65 |   191 |   668 |   767 |   502 |       |       ||  2239
       Large shield      |       |       |       |       |       |  1348 |  2102 |    12 ||  3462

Table legend:
 A = Non-vault XP
 B = Vault XP
 C = Vault XP percentage of total XP
 D = Non-vault monster count
 E = Vault monster count
 F = Vault count percentage of total count
                 A         B        C        D         E       F
            +---------+---------+-------+---------+---------+-------
      Total |  330639 |  342532 |  50.9 |    1032 |     654 |  38.8
            +---------+---------+-------+---------+---------+-------
        D:1 |      22 |       0 |   0.0 |      15 |       0 |   0.0
        D:2 |      37 |       0 |   0.0 |      16 |       0 |   0.0
        D:3 |      33 |      41 |  55.4 |      12 |       1 |   7.7
        D:4 |     410 |      15 |   3.5 |      10 |       2 |  16.7
        D:5 |     543 |     654 |  54.6 |      20 |       6 |  23.1
        D:6 |     653 |       0 |   0.0 |      15 |       0 |   0.0
        D:7 |    1685 |       5 |   0.3 |      25 |       1 |   3.8
        D:8 |     898 |    1655 |  64.8 |      37 |      10 |  21.3
        D:9 |    1810 |    2669 |  59.6 |      14 |      10 |  41.7
       D:10 |    4376 |     480 |   9.9 |      35 |       1 |   2.8
       D:11 |    3367 |     437 |  11.5 |      42 |       4 |   8.7
       D:12 |    2582 |       0 |   0.0 |      31 |       0 |   0.0
       D:13 |   11903 |    3222 |  21.3 |      61 |      11 |  15.3
       D:14 |    2791 |    1565 |  35.9 |      12 |       2 |  14.3
       D:15 |    7309 |    4297 |  37.0 |      21 |       9 |  30.0
     Lair:1 |    3780 |     549 |  12.7 |      14 |       2 |  12.5
     Lair:2 |    2289 |       0 |   0.0 |      16 |       0 |   0.0
     Lair:3 |    6314 |    4817 |  43.3 |      28 |      33 |  54.1
     Lair:4 |    6195 |     470 |   7.1 |      22 |       1 |   4.3
     Lair:5 |     764 |       0 |   0.0 |       7 |       0 |   0.0
     Lair:6 |    8824 |    9041 |  50.6 |      27 |      48 |  64.0
    Swamp:1 |   14022 |       0 |   0.0 |      35 |       0 |   0.0
    Swamp:2 |   14319 |       0 |   0.0 |      29 |       0 |   0.0
    Swamp:3 |    5153 |       0 |   0.0 |      17 |       0 |   0.0
    Swamp:4 |   10206 |    9816 |  49.0 |      20 |      31 |  60.8
    Snake:1 |    6488 |     623 |   8.8 |      19 |       2 |   9.5
    Snake:2 |   16934 |    8268 |  32.8 |      34 |      12 |  26.1
    Snake:3 |   16893 |   11134 |  39.7 |      27 |      12 |  30.8
    Snake:4 |   17757 |   41163 |  69.9 |      32 |      58 |  64.4
      Orc:1 |    3714 |   15014 |  80.2 |      36 |      43 |  54.4
      Orc:2 |    2798 |    6057 |  68.4 |      30 |      64 |  68.1
      Elf:1 |   13370 |    4557 |  25.4 |      22 |      16 |  42.1
      Elf:2 |   17425 |   22123 |  55.9 |      30 |      26 |  46.4
      Elf:3 |   11772 |   44222 |  79.0 |      19 |      31 |  62.0
   Vaults:1 |   28505 |   32361 |  53.2 |      39 |      44 |  53.0
   Vaults:2 |    9235 |   23716 |  72.0 |      20 |      31 |  60.8
   Vaults:3 |   16543 |   19688 |  54.3 |      30 |      37 |  55.2
   Vaults:4 |   41769 |   37999 |  47.6 |      82 |      59 |  41.8
   Vaults:5 |    3014 |   26809 |  89.9 |       7 |      20 |  74.1
    Abyss:3 |   14137 |    4262 |  23.2 |      24 |       5 |  17.2
      IceCv |       0 |    4803 | 100.0 |       0 |      22 | 100.0
            +---------+---------+-------+---------+---------+-------
